 Dungeon Crawl Stone Soup version 0.31.0-9-g3a7656b989 (webtiles) character file.

Game seed: 3030718342466106758

41 qw the Shooter (level 3, 0/20 HPs)
             Began as a Deep Elf Hunter on Feb 2, 2024.
             Slain by a bullfrog (3 damage)
             ... on level 4 of the Dungeon.
             The game lasted 00:00:04 (1278 turns).

qw the Shooter (Deep Elf Hunter)                    Turns: 1278, Time: 00:00:04

Health: 0/20       AC:  4    Str: 10    XL:     3   Next: 32%
Magic:  5/5        EV: 12    Int: 13    God:
Gold:   137        SH:  0    Dex: 18    Spells: 2/2 levels left

rFire   . . .        a - +0 shortbow
rCold   . . .        (shield currently unavailable)
rNeg    . . .        c - +0 leather armour
rPois   .            (no helmet)
rElec   .            e - +0 cloak
rCorr   .            (no gloves)
SInv    .            (no boots)
Will    .....        (no amulet)
Stlth   ++           (no ring)
HPRegen 0.23/turn    (no ring)
MPRegen 0.09/turn

%: no passive effects
@: no status effects
A: no striking features
a: no special abilities


You were on level 4 of the Dungeon.
You visited 1 branch of the dungeon, and saw 3 of its levels.

You collected 137 gold pieces.


   Skills:
 - Level 1.5 Fighting
 + Level 6.9 Ranged Weapons
 - Level 2.4 Dodging
 - Level 1.2 Stealth


You had 2 spell levels left.
You didn't know any spells.
Your spell library was empty.

Inventory:

Hand Weapons
 a - a +0 shortbow (weapon)
Armour
 c - a +0 leather armour (worn)
 e - a +0 cloak (worn)
 i - a +0 pair of gloves
Jewellery
 f - a ring of positive energy
Scrolls
 b - a scroll of acquirement {unknown}
 h - 2 scrolls of identify {unknown}
Potions
 d - 2 potions of might
 g - a potion of magic {unknown}
 j - a potion of curing {unknown}

Dungeon Overview and Level Annotations

Branches:
Dungeon (4/15)
 Temple: D:4-7

Altars:


Message History

h - 2 scrolls labelled ATU ANISAWK (gained 1)
Found a stone staircase leading up.
You now have 120 gold pieces (gained 16).
j - a viscous coppery potion You now have 125 gold pieces (gained 5).
You now have 137 gold pieces (gained 12).
Found a plate armour.
You see here a +0 plate armour.
You open the door.
You hear the slow hiss of an avalanche of sand nearby.
Found a beast talisman.
A bullfrog comes into view.
The bullfrog gives a loud, deep croak!
There is an open door here.
You shoot an arrow. The arrow barely misses the bullfrog.
The bullfrog barely misses you.
You shoot an arrow. The arrow closely misses the bullfrog.
The bullfrog hits you. x2
You shoot an arrow. The arrow closely misses the bullfrog.
The bullfrog misses you.
The bullfrog hits you but does no damage.
You shoot an arrow. The arrow barely misses the bullfrog.
The bullfrog hits you.
You shoot an arrow.
The arrow hits the bullfrog but does no damage.
The bullfrog snags a nearby moth with its tongue.
The bullfrog barely misses you. The bullfrog hits you.
You shoot an arrow. The arrow closely misses the bullfrog.
The bullfrog hits you. The bullfrog barely misses you.
You shoot an arrow.
The arrow hits the bullfrog but does no damage.
The bullfrog hits you.
You shoot an arrow. The arrow closely misses the bullfrog.
The bullfrog misses you. The bullfrog hits you.
You shoot an arrow. The arrow closely misses the bullfrog.
The bullfrog completely misses you.
You shoot an arrow. The arrow hits the bullfrog.
The bullfrog is moderately wounded.
The bullfrog hits you.
You die...

..# #.# ..# #.# ... #.#
#.# #.# # ########
#.####.#.#.
#......#####.#........
#...|........#........
#...F..##.##..........
#@###.#..........#
#...#.#.###>.....#
######.#.#.............
#....#.......##########
#.##.#.###<........#
#.#....[.##.######.#
^.###.##.##.####
####...##.##....#
#........###.#


You could see a bullfrog.

Vanquished Creatures
  An adder (D:2)
  A ribbon worm (D:2)
  3 bats (D:2)
  2 endoplasms
  A giant cockroach (D:2)
  4 goblins
  6 hobgoblins
  3 kobolds (D:1)
  A quokka (D:1)
  A ball python (D:1)
  2 frilled lizards
  3 rats
28 creatures vanquished.

Notes
Turn   | Place    | Note
-------+----------+-------------------------------------------
     0 | D:1      | qw the Deep Elf Hunter began the quest for the Orb.
     0 | D:1      | Reached XP level 1. HP: 12/12 MP: 3/3
     0 | D:1      | 0 ||| qw: Version: 0.3-a-155-g5e7d8dd
     0 | D:1      | 0 ||| qw: Game counter: 2549
     0 | D:1      | 0 ||| qw: Melee chars always use a shield: true
     0 | D:1      | 0 ||| qw: God list: Okawaru
     0 | D:1      | 0 ||| qw: Allow faded altars: false
     0 | D:1      | 0 ||| qw: Do Orc after clearing Dungeon:15 true
     0 | D:1      | 0 ||| qw: Do second Lair branch before Depths: true
     0 | D:1      | 0 ||| qw: Lair rune preference: random
     0 | D:1      | 0 ||| qw: Goals: Normal
     0 | D:1      | 0 ||| PLANNING D:1-11
   314 | D:1      | Reached skill level 6 in Ranged Weapons
   314 | D:1      | Reached XP level 2. HP: 13/16 MP: 4/4
   891 | D:1      | 891 ||| UPGRADING to +0 cloak.
   896 | D:1      | 896 ||| READING scroll labelled INYELU SAOLAM.
   900 | D:1      | 900 ||| DRINKING 3 emerald potions.
   901 | D:1      | 901 ||| DROPPING scroll of butterflies.
   997 | D:2      | Reached XP level 3. HP: 20/20 MP: 5/5
  1217 | D:2      | You fall into a shaft and drop 2 floors!
  1218 | D:4      | 1218 ||| PLANNING OSSUARY
  1268 | D:4      | Noticed a bullfrog
  1275 | D:4      | HP: 5/20 [bullfrog (2)]
  1278 | D:4      | Slain by a bullfrog

Levels and vault maps discovered:
D:1:      erik_arrival_blinker_ship, layout_loops_corners, minmay_hedge_maze,
          minmay_fountain_box
D:2:      layout_basic
D:4:      layout_basic, amcnicky_altar_gilded, kennysheep_mini,
          nicolae_ossuary_entry_ruins

Skill      XL: |  1 |
---------------+----+-----
Ranged Weapons | 6 |  6.9
Fighting       | |  1.5
Dodging        | |  2.4
Stealth        | |  1.2

Action                     || total
---------------------------++-------
   Fire: Shortbow          ||    83
    Use: Scroll            ||     1
         Potion            ||     1
 Armour: Leather armour    ||    23
  Dodge: Dodged            ||    14

Table legend:
 A = Non-vault XP
 B = Vault XP
 C = Vault XP percentage of total XP
 D = Non-vault monster count
 E = Vault monster count
 F = Vault count percentage of total count
                 A         B        C        D         E       F
            +---------+---------+-------+---------+---------+-------
      Total |      59 |       0 |   0.0 |      28 |       0 |   0.0
            +---------+---------+-------+---------+---------+-------
        D:1 |      22 |       0 |   0.0 |      14 |       0 |   0.0
        D:2 |      37 |       0 |   0.0 |      14 |       0 |   0.0
            +---------+---------+-------+---------+---------+-------
